 Dungeon Crawl Stone Soup version 0.18-a0-822-gb52b7b4 (webtiles) character file.

44 glosham the Caller (level 3, 0/28 HPs)
             Began as a Demigod Summoner on Dec 16, 2015.
             Succumbed to an adder's poison
             ... on level 2 of the Dungeon.
             The game lasted 00:21:23 (1808 turns).

glosham the Caller (Demigod Summoner)               Turns: 1808, Time: 00:21:23

Health: 0/28       AC:  6    Str: 13    XL:     3   Next: 22%
Magic:  8/8        EV:  9    Int: 19    God:
Gold:   60         SH:  0    Dex: 18    Spells: 1 memorised, 3 levels left

rFire  . . .     SeeInvis +     a - +3 hand axe
rCold  . . .     Gourm    .     X - +0 scale mail
rNeg   . . .     Faith    .     (no shield)
rPois  .         Spirit   .     (no helmet)
rElec  .         Dismiss  .     (no cloak)
rCorr  .         Reflect  .     (no gloves)
SustAt +         Harm     .     (no boots)
MR     .....                    (no amulet)
Stlth  +.........               (no ring)
                                A - ring of see invisible

@: lethally poisoned (0 -> -4), not resistant to hostile enchantments, very
unstealthy
A: agile 1, high mp 1, sustain attributes
a: no special abilities


You were on level 2 of the Dungeon.
You were not hungry.

You visited 1 branch of the dungeon, and saw 2 of its levels.

You collected 60 gold pieces.

Inventory:

Hand Weapons
 a - a +3 hand axe (weapon)
 b - a +0 spear
Missiles
 d - 31 stones (quivered)
 f - 16 arrows
 g - 18 bolts
 h - 5 poisoned needles
Armour
 e - a +0 robe
 X - a +0 scale mail (worn)
Jewellery
 A - a ring of see invisible (left hand)
Books
 i - a book of Callings

   Spells                             Type                      Level
   a - Summon Small Mammal            Summoning                    1
   b - Call Imp                       Summoning                    2
   c - Call Canine Familiar           Summoning                    3
   d - Summon Guardian Golem          Hexes/Summoning              3
   e - Summon Lightning Spire         Summoning/Air                4
   f - Summon Ice Beast               Ice/Summoning                4
Comestibles
 c - 2 bread rations
 j - 3 chunks of flesh


   Skills:
 - Level 1.0 Fighting
 * Level 2.2 Axes
 + Level 0.5 Armour
 - Level 1.7 Dodging
 - Level 1.7 Stealth
 - Level 1.7 Spellcasting
 - Level 3.6 Summonings


You had 3 spell levels left.
You knew the following spells:

 Your Spells              Type           Power        Failure   Level  Hunger
i - Call Imp              Summ           ###.....     30%         2    ###....


Dungeon Overview and Level Annotations

Branches:
Dungeon (2/15)


Innate Abilities, Weirdness & Mutations

You have an increased reservoir of magic (+10% MP).
Your attributes are resistant to harm.
You are agile. (Dex +2)


Message History

The adder is severely wounded.
You feel sick. The adder barely misses you.
Your scale mail prevents you from hitting the adder.
The adder is severely wounded.
The adder bites you. x2
You are more poisoned.
The adder poisons you!
You miss the adder.
The adder is severely wounded.
You feel sick. The adder bites you.
* * * LOW HITPOINT WARNING * * *
You closely miss the adder.
The adder is severely wounded.
* * * LOW HITPOINT WARNING * * *
You feel sick. The adder bites you but does no damage.
The adder bites you but does no damage.
You closely miss the adder.
The adder is severely wounded.
* * * LOW HITPOINT WARNING * * *
You feel sick. The adder bites you but does no damage.
You miss the adder.
The adder is severely wounded.
* * * LOW HITPOINT WARNING * * *
You feel sick. The adder closely misses you. The adder closely misses you.
You hit the adder.
You kill the adder!
* * * LOW HITPOINT WARNING * * *
You feel sick.
You see here an adder corpse.
You butcher the adder corpse.
* * * LOW HITPOINT WARNING * * *
You feel sick.
Things that are here:
a chunk of flesh; an adder skeleton
j - 3 chunks of flesh (gained 1)
* * * LOW HITPOINT WARNING * * *
You feel sick.
You aren't carrying any potions.
Unknown command.
You die...

####...... #.........
#....###.. +....<##..
#.....##.. +.....####
............
#############.######.
#..(@.......#.#......
#.####.####.#.#.####.
#รท# #. #.# #. #.# #.
######.#############.
......................
...#.#.#####.####.....
#..................


There were no monsters in sight!

Vanquished Creatures
  An adder (D:2)
  A worm (D:2)
  A giant gecko (D:1)
  3 hobgoblins (D:1)
  3 kobolds (D:1)
  4 bats (D:1)
  2 giant cockroaches (D:1)
  2 giant newts (D:1)
  7 goblins
  4 rats (D:1)
28 creatures vanquished.

Vanquished Creatures (collateral kills)
  A giant cockroach (D:1)
  A hobgoblin (D:1)
  A goblin (D:1)
3 creatures vanquished.

Grand Total: 31 creatures vanquished

Notes
Turn   | Place    | Note
--------------------------------------------------------------
     0 | D:1      | glosham the Demigod Summoner began the quest for the Orb.
     0 | D:1      | Reached XP level 1. HP: 14/14 MP: 5/5
   353 | D:1      | HP: 1/15 [goblin/club (5)]
   382 | D:1      | Reached skill level 1 in Fighting
   384 | D:1      | Found an iron altar of Okawaru.
   645 | D:1      | Reached skill level 1 in Axes
   654 | D:1      | Reached XP level 2. HP: 11/23 MP: 7/7
  1338 | D:1      | Reached skill level 2 in Axes
  1639 | D:1      | Learned a level 2 spell: Call Imp
  1707 | D:2      | Gained mutation: You are agile. (Dex +2) [potion of beneficial mutation]
  1748 | D:2      | Reached XP level 3. HP: 28/28 MP: 8/8
  1804 | D:2      | HP: 2/28 [poisoned by an adder]
  1808 | D:2      | Succumbed to an adder's poison

Vault maps used:
D:1:      co_arrival_random_square_maze, serial_forest,
          infiniplex_forest_corner_1, infiniplex_forest_straight_3,
          infiniplex_forest_end_1, infiniplex_forest_clump_medium,
          infiniplex_forest_lined_room_, infiniplex_forest_lined_3,
          infiniplex_forest_lined_room_2, infiniplex_forest_clump_small,
          infiniplex_forest_end_1, okawaru_ov_weapons_minmay
D:2:      roderic_lattice_a, tgw_kikubaaqudgha

Action                   || total
-------------------------++-------
Melee: Unarmed           ||    21
       Hand axe          ||   104
       Dagger            ||     7
Throw: Stone             ||     1
 Cast: Summon Small Mamm ||     2
  Use: Scroll            ||     6
       Potion            ||     1
 Stab: Sleeping          ||     3
  Eat: Chunk             ||     3

Table legend:
 A = Turns spent in this place as a percentage of turns spent in the entire game.
 B = Non-inter-level travel turns spent in this place as a percentage of non-inter-level travel turns spent in the entire game.
 C = Inter-level travel turns spent in this place as a percentage of turns spent in this place.
 D = Turns resting spent in this place as a percentage of non-inter-level travel turns spent in this place.
 E = Turns spent auto-exploring this place as a percentage of non-inter-level travel turns spent in this place.
 F = Non-inter-level travel turns spent in this place divided by the number of levels of this place that you've seen.
                   A       B       C       D       E      F
               +-------+-------+-------+-------+-------+----------------------
         Total | 100.0 | 100.0 |   0.3 |   1.1 |   0.1 | 447.5
       Dungeon | 100.0 | 100.0 |   0.3 |   1.1 |   0.1 | 447.5
               +-------+-------+-------+-------+-------+----------------------

Table legend:
 A = Kills in this place as a percentage of kills in entire the game.
 B = Kills by you in this place as a percentage of kills by you in the entire game.
 C = Kills by friends in this place as a percentage of kills by friends in the entire game.
 D = Other kills in this place as a percentage of other kills in the entire game.
 E = Experience gained in this place as a percentage of experience gained in the entire game.
 F = Experience gained in this place divided by the number of levels of this place that you have seen.
                   A       B       C       D       E      F
               +-------+-------+-------+-------+-------+----------------------
         Total | 100.0 | 100.0 | 100.0 |  -nan | 100.0 |  31.5
       Dungeon | 100.0 | 100.0 | 100.0 |  -nan | 100.0 |  31.5
               +-------+-------+-------+-------+-------+----------------------

Vault maps used:
D:1:      co_arrival_random_square_maze, serial_forest,
          infiniplex_forest_corner_1, infiniplex_forest_straight_3,
          infiniplex_forest_end_1, infiniplex_forest_clump_medium,
          infiniplex_forest_lined_room_, infiniplex_forest_lined_3,
          infiniplex_forest_lined_room_2, infiniplex_forest_clump_small,
          infiniplex_forest_end_1, okawaru_ov_weapons_minmay
D:2:      roderic_lattice_a, tgw_kikubaaqudgha
